 Dungeon Crawl Stone Soup version 0.30-a0-373-gd37427bb62 (webtiles) character file.

Game seed: 3664510691849995317

742 sanka the Cudgeller (level 7, -3/55 HPs)
             Began as a Demigod Reaver on Nov 23, 2022.
             Succumbed to a water moccasin's poison
             ... on level 5 of the Dungeon.
             The game lasted 00:07:22 (3789 turns).

sanka the Cudgeller (Demigod Reaver)                Turns: 3789, Time: 00:07:23

Health: -3/55      AC: 10    Str: 13    XL:     7   Next: 22%
Magic:  11/13      EV: 11    Int: 23    God:
Gold:   145        SH:  0    Dex: 12    Spells: 7/10 levels left

rFire   + . .      SeeInvis .    a - +5 flail (protect)
rCold   . . .      Faith    .    (no shield)
rNeg    . . .      Spirit   .    b - +0 leather armour
rPois   .          Reflect  .    (no helmet)
rElec   .          Harm     .    (no cloak)
rCorr   .          Rampage  .    (no gloves)
Will    .....                    (no boots)
Stlth   +.........               c - amulet of regeneration
HPRegen 1.09/turn                m - ring of protection from fire
MPRegen 0.13/turn                d - ring of wizardry

@: lethally poisoned (-3 -> -13), under a protective aura
A: high MP 1, forlorn, divine attributes
a: no special abilities


You were on level 5 of the Dungeon.
You visited 1 branch of the dungeon, and saw 5 of its levels.

You collected 145 gold pieces.


Innate Abilities, Weirdness & Mutations

You have an increased reservoir of magic. (+10% MP)
You shall have no god before yourself.
Your divine heritage dramatically boosts your attributes as you level up.


   Skills:
 - Level 2.0 Fighting
 + Level 5.9 Maces & Flails
 - Level 1.7 Dodging
 - Level 2.0 Spellcasting
 - Level 5.0 Conjurations
 - Level 2.0 Necromancy
 - Level 2.0 Translocations


You had 7 spell levels left.
You knew the following spells:

 Your Spells              Type           Power      Damage    Failure   Level
u - Momentum Strike       Conj/Tloc      36%        3d9       2%          2
y - Kiss of Death         Conj/Necr      72%        2d10      1%          1

Your spell library contained the following spells:

 Spells                   Type           Power      Damage    Failure   Level
 Magic Dart               Conj           100%       1d8       1%          1
 Hailstorm                Conj/Ice       13%        3d5       7%          3
 Call Imp                 Summ           2%         N/A       10%         2
 Mephitic Cloud           Conj/Pois/Air  9%         N/A       11%         3
 Inner Flame              Hex/Fire       2%         N/A       19%         3
 Cause Fear               Hex            1%         N/A       52%         4
 Ice Form                 Ice/Tmut       2%         N/A       52%         4
 Simulacrum               Ice/Necr       3%         N/A       99%         6
 Discord                  Hex            1%         N/A       100%        8

Inventory:

Hand Weapons
 a - a +5 flail of protection (weapon)
Armour
 b - a +0 leather armour (worn)
Jewellery
 c - an amulet of regeneration (around neck)
 d - a ring of wizardry (right hand)
 m - a ring of protection from fire (left hand)
 t - a ring of resist corrosion
Wands
 p - a wand of mindburst (5)
Scrolls
 e - 8 scrolls of identify {unknown}
 g - a scroll of blinking {unknown}
 i - 2 scrolls of fog {unknown}
 k - 2 scrolls of enchant weapon {unknown}
 l - a scroll of poison {unknown}
 n - a scroll of immolation {unknown}
 o - 3 scrolls of fear {unknown}
 w - a scroll of vulnerability {unknown}
 x - a scroll of enchant armour {unknown}
 y - a scroll of torment {unknown}
Potions
 f - 6 potions of curing {unknown}
 h - a potion of degeneration {unknown}
 j - a potion of lignification {unknown}
 q - a potion of cancellation {unknown}
 r - 2 potions of heal wounds {unknown}
 s - a potion of flight {unknown}
 u - a potion of mutation {unknown}
 v - a potion of haste {@q3}
 z - a potion of resistance {unknown}

Dungeon Overview and Level Annotations

Branches:
Dungeon (5/15)
 Temple: D:4-7

Annotations:
D:5 1 runed translucent door, Crazy Yiuf

...▒▒▒.........▒▒.▒▒▒▒▒▒▒▒▒.▒▒▒▒▒
..▒▒...........▒▒▒▒ .............
..▒▒.▒▒8▒▒▒8▒▒▒.▒ ▒▒▒▒▒▒▒.▒▒▒▒▒
..▒▒..▒▒▒▒▒▒▒▒▒▒▒▒ .▒ ▒.▒ ...▒.▒▒
▒..▒ ▒.▒.▒▒.▒ ▒.▒ .▒...▒▒▒▒..▒
▒.▒....▒▒▒▒▒▒▒.▒▒▒▒▒ .▒▒........▒
▒.▒....▒............ .▒▒▒.▒▒▒...▒
▒.▒....▒............ .▒▒▒.▒ ▒▒>.▒
▒.▒p▒ ▒............ ...▒.▒ ▒▒▒▒
▒.▒.▒ ▒............ ▒▒.▒.▒ ▒.▒.▒
▒............ ...▒.▒▒▒▒▒▒▒▒▒.▒.▒
▒............ ...............▒.▒
▒............ ▒▒▒▒.▒▒▒▒▒▒▒▒▒▒▒.▒▒
▒............ ▒..............▒
▒............ ▒▒▒▒▒▒▒▒▒▒▒▒.▒.▒
▒............ ▒.▒.▒ ▒............


There were no monsters in sight!


Message History

The water moccasin bites you.
* * * LOW HITPOINT WARNING * * *
You miss the water moccasin.
The water moccasin is almost dead.
You feel very sick. The water moccasin barely misses you.
Unknown command.
You closely miss the water moccasin.
The water moccasin is almost dead.
You feel sick.
The water moccasin bites you but does no damage.
The water moccasin bites you.
* * * LOW HITPOINT WARNING * * *
Unknown command.
You barely miss the water moccasin.
The water moccasin is almost dead.
You feel very sick.
The water moccasin completely misses you.
You miss the water moccasin.
The water moccasin is almost dead.
You feel sick. The water moccasin closely misses you.
The water moccasin bites you!
* * * LOW HITPOINT WARNING * * *
You are more poisoned.
The water moccasin poisons you!
You sock the water moccasin!
Your weapon exudes an aura of protection.
You kill the water moccasin!
You die...

Action                   |  1- 3 |  4- 6 |  7- 9 || total
-------------------------+-------+-------+-------++-------
Melee: Mace              |   123 |       |       ||   123
       Punch             |     2 |     1 |       ||     3
       Flail             |    11 |   119 |    29 ||   159
 Cast: Momentum Strike   |    11 |    14 |     4 ||    29
       Kiss of Death     |       |     4 |       ||     4
Evoke: Wand              |       |     2 |       ||     2
Armor: Leather armour    |    61 |    54 |     7 ||   122
Dodge: Dodged            |   133 |    78 |    20 ||   231

Levels and vault maps discovered:
D:1:      matt_arrival_refuge, layout_rooms
D:2:      layout_rooms, basic_altar, uniq_jessica
D:3:      layout_rooms, nicolae_ecumenical_pavilion, grunt_ministairs_3,
          kennysheep_generic_room_3
D:4:      black_bear_nest_2, layout_cave_pools, uniq_edmund
D:5:      layout_basic, mainiacjoe_overflow_tiny_flanked, serial_corexii_hall,
          corexii_hall_statues_x, chequers_hall_statues_corner_a,
          uniq_crazy_yiuf_cottage, uniq_duvessa, uniq_blork_the_orc,
          uniq_menkaure

Notes
Turn   | Place    | Note
-------+----------+-------------------------------------------
     0 | D:1      | sanka the Demigod Reaver began the quest for the Orb.
     0 | D:1      | Reached XP level 1. HP: 17/17 MP: 5/5
   210 | D:1      | Reached skill level 2 in Fighting
   210 | D:1      | Reached skill level 2 in Spellcasting
   220 | D:1      | Reached XP level 2. HP: 22/24 MP: 7/7
   235 | D:1      | Learned a level 2 spell: Momentum Strike
   307 | D:1      | Reached skill level 3 in Conjurations
   308 | D:1      | Reached skill level 3 in Maces & Flails
   752 | D:1      | Reached XP level 3. HP: 29/29 MP: 5/8
   860 | D:2      | Reached skill level 1 in Necromancy
   862 | D:2      | Reached skill level 1 in Translocations
   976 | D:2      | Noticed Jessica
   983 | D:2      | Killed Jessica
  1423 | D:3      | Reached XP level 4. HP: 33/36 MP: 9/9
  1746 | D:3      | Reached skill level 2 in Necromancy
  1746 | D:3      | Reached skill level 2 in Translocations
  1855 | D:3      | Reached XP level 5. HP: 34/41 MP: 10/10
  1898 | D:3      | Reached skill level 4 in Conjurations
  1980 | D:4      | Noticed Edmund
  1993 | D:4      | Killed Edmund
  2206 | D:4      | Reached skill level 5 in Conjurations
  2279 | D:4      | Noticed an ogre
  2286 | D:4      | Killed an ogre
  2287 | D:4      | Reached XP level 6. HP: 27/43 MP: 7/11
  2758 | D:5      | Entered Level 5 of the Dungeon
  2759 | D:5      | Noticed a hornet
  2763 | D:5      | Killed a hornet
  2764 | D:5      | Reached skill level 4 in Maces & Flails
  2764 | D:5      | HP: 4/40 [poisoned by a hornet]
  2769 | D:5      | HP: 3/40 [poisoned by a hornet]
  2968 | D:5      | Reached skill level 5 in Maces & Flails
  3036 | D:5      | Noticed Blork the orc
  3040 | D:5      | Killed Blork the orc
  3109 | D:5      | Reached XP level 7. HP: 46/55 MP: 13/13
  3169 | D:5      | Noticed Menkaure
  3176 | D:5      | Killed Menkaure
  3268 | D:5      | Found a runed translucent door.
  3269 | D:5      | Noticed Crazy Yiuf
  3788 | D:5      | HP: 1/55 [water moccasin (8)]
  3789 | D:5      | Succumbed to a water moccasin's poison

Vanquished Creatures
  A hornet (D:5)
  Menkaure (D:5)
  A water moccasin (D:5)
  A black bear (D:4)
  A centaur (D:5)
  2 ogres
  Blork the orc (D:5)
  3 jellies
  A hound (D:5)
  2 iguanas
  An orc wizard (D:4)
  6 adders
  3 gnolls
  A white imp (D:4)
  An ufetubus (D:4)
  3 worms
  4 dart slugs
  7 orcs
  4 bats
  6 endoplasms
  4 giant cockroaches
  2 goblins (D:1)
  3 hobgoblins
  6 jackals
  5 kobolds
  3 quokkas
  11 ball pythons
  A frilled lizard (D:3)
  8 rats
93 creatures vanquished.

Vanquished Creatures (others)
  Edmund (D:4)
  A scorpion (D:5)
  Jessica (D:2)
  An orc wizard (D:3)
  2 adders
  5 gnolls
  A bat (D:1)
12 creatures vanquished.

Grand Total: 105 creatures vanquished
